General information
- name: BNet
- type: Ladder team game (AT/RT)
- host: Battle.net
- saver: RoCcoNaCHOviDaL
map: GoldRush
- players: 8
- length: 40:37
- speed: Fast
- version: 1.24 W3XP
- replay type: Public
» download(494 KB)
Players
team 1 (loser)
darkwasp (
green | 122 APM | 4951 actions | 40:36)
4 Blademaster
2 Wind Walk
2 Critical Strike
» actions
| Assign group hotkey | 1333 | |
| Basic commands | 10 | |
| Build / train | 106 | |
| Enter build submenu | 49 | |
| Enter hero's abilities submenu | 4 | |
| Give item / drop item | 2 | |
| Remove unit from queue | 1 | |
| Right click | 1935 | |
| Select / deselect | 481 | |
| Select group hotkey | 660 | |
| Use ability | 370 | |
4951 total
» units
| Peon | 25 | |
| Troll Batrider | 31 | |
| Shaman | 15 | |
71 total
» upgrades
| Ranged Weapons | 2 | |
| Liquid Fire | 1 | |
| Shaman Training | 2 | |
| Reinforced Defenses | 1 | |
| Armor | 1 | |
7 total
» buildings
| Altar of Storms | 2 | |
| Orc Burrow | 5 | |
| War Mill | 1 | |
| Watch Tower | 33 | |
| Voodoo Lounge | 1 | |
| Stronghold | 1 | |
| Beastiary | 2 | |
| Great Hall | 4 | |
| Fortress | 2 | |
| Spirit Lodge | 1 | |
52 total
» build order
00:10 Altar of Storms
00:18 Orc Burrow
00:31 War Mill
01:47 Watch Tower
01:55 Voodoo Lounge
02:24 Watch Tower
02:54 Watch Tower
03:19 Watch Tower
03:44 Watch Tower
04:02 Watch Tower
04:23 Stronghold
04:56 Watch Tower
06:03 Orc Burrow
06:06 Watch Tower
06:10 Orc Burrow
07:08 Beastiary
07:30 Beastiary
07:45 Watch Tower
08:24 Watch Tower
08:26 Watch Tower
09:40 Great Hall
09:56 Watch Tower
11:45 Watch Tower
12:36 Watch Tower
12:39 Watch Tower
13:14 Watch Tower
13:18 Fortress
13:18 Fortress
14:22 Watch Tower
14:36 Spirit Lodge
15:16 Orc Burrow
15:27 Watch Tower
15:49 Orc Burrow
15:56 Great Hall
17:50 Watch Tower
17:57 Watch Tower
18:02 Watch Tower
18:26 Watch Tower
18:30 Watch Tower
19:32 Watch Tower
19:32 Watch Tower
19:33 Watch Tower
19:33 Watch Tower
19:33 Watch Tower
19:34 Watch Tower
20:39 Watch Tower
21:20 Altar of Storms
22:19 Watch Tower
22:19 Watch Tower
31:49 Great Hall
32:24 Watch Tower
35:56 Great Hall
» items
| Circlet of Nobility | 2 | |
| Boots of Speed | 1 | |
| Staff of Teleportation | 1 | |
| Healing Salve | 2 | |
| Lesser Clarity Potion | 2 | |
| Scroll of Speed | 1 | |
| Scroll of Town Portal | 2 | |
| Potion of Healing | 4 | |
| Potion of Lesser Invulnerability | 1 | |
| Potion of Mana | 2 | |
| Orb of Lightning | 1 | |
19 total
getitup (
red | 91 APM | 3700 actions | 40:29)
3 Archmage
2 Summon Water Elemental
1 Brilliance Aura
2 Mountain King
1 Storm Bolt
1 Bash
» actions
| Assign group hotkey | 58 | |
| Basic commands | 26 | |
| Build / train | 232 | |
| ESC pressed | 2 | |
| Enter build submenu | 49 | |
| Enter hero's abilities submenu | 5 | |
| Give item / drop item | 3 | |
| Right click | 1994 | |
| Select / deselect | 553 | |
| Select group hotkey | 621 | |
| Use ability | 157 | |
3700 total
» units
| Peasant | 88 | |
| Footman | 15 | |
| Siege Engine | 15 | |
118 total
» upgrades
| Defend | 1 | |
| Gunpowder | 3 | |
| Lumber Harvesting | 1 | |
| Barrage | 1 | |
| Plating | 2 | |
8 total
» buildings
| Altar of Kings | 1 | |
| Lumber Mill | 1 | |
| Farm | 9 | |
| Barracks | 1 | |
| Scout Tower | 15 | |
| Arcane Tower | 10 | |
| Guard Tower | 22 | |
| Arcane Vault | 1 | |
| Town Hall | 9 | |
| Keep | 5 | |
| Blacksmith | 2 | |
| Castle | 6 | |
| Workshop | 6 | |
88 total
» build order
00:05 Altar of Kings
00:20 Lumber Mill
00:36 Farm
00:53 Barracks
01:20 Farm
01:33 Scout Tower
02:02 Arcane Tower
02:02 Arcane Tower
02:02 Arcane Tower
02:03 Arcane Tower
02:23 Scout Tower
02:37 Farm
02:55 Guard Tower
03:28 Scout Tower
03:32 Farm
04:10 Guard Tower
04:12 Arcane Vault
05:33 Town Hall
05:59 Keep
05:59 Keep
05:59 Keep
06:00 Keep
06:06 Scout Tower
06:38 Arcane Tower
06:39 Arcane Tower
06:39 Arcane Tower
07:26 Town Hall
08:13 Blacksmith
08:16 Blacksmith
08:53 Castle
08:53 Castle
08:54 Castle
09:20 Workshop
09:21 Workshop
09:39 Workshop
10:01 Scout Tower
10:01 Scout Tower
10:02 Scout Tower
10:47 Workshop
11:24 Scout Tower
11:25 Scout Tower
11:26 Scout Tower
11:26 Scout Tower
11:27 Scout Tower
11:31 Guard Tower
11:31 Guard Tower
11:31 Guard Tower
11:31 Guard Tower
11:55 Workshop
11:55 Workshop
12:49 Farm
12:53 Guard Tower
13:20 Farm
13:20 Farm
13:28 Guard Tower
13:28 Guard Tower
14:07 Farm
15:04 Town Hall
15:35 Arcane Tower
15:36 Guard Tower
15:36 Guard Tower
15:36 Guard Tower
16:19 Farm
21:56 Town Hall
22:18 Scout Tower
22:19 Scout Tower
22:19 Scout Tower
22:51 Guard Tower
22:53 Guard Tower
26:00 Town Hall
26:27 Town Hall
30:37 Town Hall
35:48 Town Hall
39:01 Town Hall
» items
| Scroll of Regeneration | 3 | |
| Lesser Clarity Potion | 4 | |
| Scroll of Town Portal | 14 | |
| Orb of Fire | 2 | |
| Staff of Sanctuary | 2 | |
| Potion of Healing | 5 | |
| Orb of Corruption | 1 | |
| Potion of Invisibility | 6 | |
| Potion of Lesser Invulnerability | 2 | |
| Staff of Teleportation | 1 | |
| Boots of Speed | 1 | |
41 total
Miles_Edgeworth (
teal | 100 APM | 4063 actions | 40:31)
4 Death Knight
2 Death Coil
2 Unholy Aura
1 Lich
1 Frost Nova
3 Crypt Lord
2 Impale
1 Spiked Carapace
» actions
| Assign group hotkey | 23 | |
| Basic commands | 201 | |
| Build / train | 49 | |
| ESC pressed | 4 | |
| Enter build submenu | 28 | |
| Enter hero's abilities submenu | 8 | |
| Give item / drop item | 11 | |
| Right click | 2060 | |
| Select / deselect | 642 | |
| Select group hotkey | 944 | |
| Use ability | 93 | |
4063 total
» units
| Acolyte | 8 | |
| Ghoul | 4 | |
| Crypt Fiend | 7 | |
| Frost Wyrm | 1 | |
20 total
» upgrades
| Creature Attack | 1 | |
| Web | 1 | |
| Creature Carapace | 1 | |
3 total
» buildings
| Crypt | 1 | |
| Graveyard | 1 | |
| Ziggurat | 10 | |
| Altar of Darkness | 3 | |
| Tomb of Relics | 1 | |
| Nerubian Tower | 1 | |
| Halls of the Dead | 1 | |
| Spirit Tower | 3 | |
| Black Citadel | 1 | |
| Sacrificial Pit | 3 | |
| Necropolis | 1 | |
| Boneyard | 1 | |
27 total
» build order
00:09 Crypt
00:12 Graveyard
00:41 Ziggurat
01:00 Altar of Darkness
01:55 Tomb of Relics
02:10 Ziggurat
02:19 Nerubian Tower
04:03 Halls of the Dead
04:20 Ziggurat
05:54 Spirit Tower
07:48 Ziggurat
08:56 Spirit Tower
09:33 Black Citadel
10:05 Sacrificial Pit
10:09 Ziggurat
10:50 Necropolis
12:28 Sacrificial Pit
13:20 Sacrificial Pit
13:27 Ziggurat
14:20 Boneyard
15:29 Ziggurat
15:47 Spirit Tower
15:52 Ziggurat
17:37 Altar of Darkness
18:16 Ziggurat
18:46 Altar of Darkness
19:14 Ziggurat
» items
| Rod of Necromancy | 2 | |
| Dust of Appearance | 1 | |
| Scroll of Town Portal | 3 | |
| Potion of Healing | 2 | |
| Staff of Teleportation | 1 | |
9 total
UnholydreadlorD (
yellow | 87 APM | 3518 actions | 40:33)
7 Death Knight
3 Death Coil
3 Unholy Aura
1 Animate Dead
6 Dreadlord
2 Sleep
3 Carrion Swarm
1 Inferno
5 Lich
3 Frost Nova
1 Frost Armor
1 Dark Ritual
» actions
| Assign group hotkey | 44 | |
| Basic commands | 85 | |
| Build / train | 147 | |
| Enter build submenu | 41 | |
| Enter hero's abilities submenu | 18 | |
| Give item / drop item | 6 | |
| Right click | 1429 | |
| Select / deselect | 542 | |
| Select group hotkey | 995 | |
| Use ability | 211 | |
3518 total
» units
| Acolyte | 36 | |
| Ghoul | 11 | |
| Crypt Fiend | 6 | |
| Frost Wyrm | 20 | |
73 total
» upgrades
| Ghoul Frenzy | 1 | |
| Web | 1 | |
| Creature Attack | 3 | |
| Creature Carapace | 3 | |
| Freezing Breath | 1 | |
9 total
» buildings
| Crypt | 2 | |
| Graveyard | 1 | |
| Ziggurat | 20 | |
| Altar of Darkness | 2 | |
| Tomb of Relics | 1 | |
| Nerubian Tower | 2 | |
| Halls of the Dead | 1 | |
| Black Citadel | 1 | |
| Sacrificial Pit | 1 | |
| Spirit Tower | 3 | |
| Boneyard | 4 | |
| Necropolis | 2 | |
40 total
» build order
00:08 Crypt
00:12 Crypt
00:16 Graveyard
00:42 Ziggurat
01:05 Altar of Darkness
01:27 Ziggurat
01:56 Tomb of Relics
02:06 Nerubian Tower
04:10 Ziggurat
05:06 Halls of the Dead
05:15 Nerubian Tower
06:07 Ziggurat
06:08 Ziggurat
06:39 Ziggurat
07:28 Black Citadel
08:45 Ziggurat
09:01 Sacrificial Pit
09:41 Spirit Tower
10:48 Boneyard
10:49 Boneyard
11:36 Boneyard
11:40 Boneyard
19:51 Spirit Tower
22:45 Ziggurat
22:50 Ziggurat
22:51 Ziggurat
24:28 Ziggurat
24:29 Ziggurat
25:09 Ziggurat
32:31 Necropolis
32:32 Spirit Tower
32:58 Ziggurat
32:58 Ziggurat
33:00 Ziggurat
33:01 Ziggurat
33:30 Ziggurat
39:10 Necropolis
39:14 Altar of Darkness
39:15 Ziggurat
39:15 Ziggurat
» items
| Rod of Necromancy | 3 | |
| Sacrificial Skull | 1 | |
| Dust of Appearance | 1 | |
| Boots of Speed | 2 | |
| Periapt of Vitality | 4 | |
| Potion of Lesser Invulnerability | 6 | |
| Circlet of Nobility | 1 | |
| Scroll of Town Portal | 12 | |
| Orb of Corruption | 3 | |
| Scroll of Healing | 3 | |
| Potion of Mana | 1 | |
37 total
team 2 (winner)
AQUAFLEX (
orange | 74 APM | 3003 actions | 40:36)
6 Tauren Chieftain
2 War Stomp
3 Endurance Aura
1 Reincarnation
5 Shadow Hunter
2 Hex
3 Healing Wave
» actions
| Assign group hotkey | 15 | |
| Basic commands | 147 | |
| Build / train | 56 | |
| ESC pressed | 5 | |
| Enter build submenu | 50 | |
| Enter hero's abilities submenu | 11 | |
| Give item / drop item | 3 | |
| Remove unit from queue | 2 | |
| Right click | 1419 | |
| Select / deselect | 578 | |
| Select group hotkey | 587 | |
| Use ability | 130 | |
3003 total
» units
» upgrades
| Armor | 1 | |
| Melee Weapons | 2 | |
| Berserker Strength | 1 | |
| Reinforced Defenses | 1 | |
| Pulverize | 1 | |
6 total
» buildings
| Barracks | 1 | |
| Altar of Storms | 1 | |
| Orc Burrow | 13 | |
| Voodoo Lounge | 2 | |
| War Mill | 2 | |
| Watch Tower | 21 | |
| Stronghold | 1 | |
| Great Hall | 2 | |
| Fortress | 1 | |
| Tauren Totem | 2 | |
46 total
» build order
00:18 Barracks
00:22 Altar of Storms
00:32 Orc Burrow
01:47 Orc Burrow
01:59 Voodoo Lounge
02:45 War Mill
04:02 Watch Tower
04:06 Watch Tower
04:26 Stronghold
05:05 Orc Burrow
06:24 Watch Tower
06:56 Watch Tower
07:14 Great Hall
07:19 Watch Tower
08:19 Watch Tower
08:56 Orc Burrow
09:31 Watch Tower
10:00 Fortress
11:02 Watch Tower
11:13 Watch Tower
12:35 Watch Tower
12:39 Tauren Totem
12:44 War Mill
12:57 Tauren Totem
13:32 Orc Burrow
13:38 Orc Burrow
16:59 Watch Tower
17:00 Watch Tower
17:02 Watch Tower
17:04 Watch Tower
17:17 Orc Burrow
17:18 Orc Burrow
17:20 Orc Burrow
18:07 Watch Tower
18:09 Watch Tower
18:09 Watch Tower
18:19 Orc Burrow
18:36 Orc Burrow
20:30 Orc Burrow
20:35 Orc Burrow
20:58 Great Hall
21:00 Watch Tower
21:03 Watch Tower
21:07 Voodoo Lounge
23:06 Watch Tower
37:43 Watch Tower
» items
| Healing Salve | 1 | |
| Dust of Appearance | 1 | |
| Scroll of Town Portal | 3 | |
| Orb of Lightning | 1 | |
6 total
niGhT_blOoDy (
blue | 238 APM | 9669 actions | 40:37)
6 Death Knight
3 Death Coil
2 Unholy Aura
1 Animate Dead
4 Lich
2 Frost Nova
2 Dark Ritual
4 Dreadlord
2 Sleep
2 Vampiric Aura
» actions
| Assign group hotkey | 155 | |
| Basic commands | 695 | |
| Build / train | 115 | |
| ESC pressed | 6 | |
| Enter build submenu | 34 | |
| Enter hero's abilities submenu | 16 | |
| Give item / drop item | 6 | |
| Right click | 2907 | |
| Select / deselect | 1357 | |
| Select group hotkey | 4181 | |
| Use ability | 197 | |
9669 total
» units
| Acolyte | 22 | |
| Ghoul | 4 | |
| Crypt Fiend | 12 | |
| Frost Wyrm | 8 | |
46 total
» upgrades
| Web | 1 | |
| Ghoul Frenzy | 1 | |
| Creature Attack | 2 | |
| Burrow | 1 | |
| Creature Carapace | 2 | |
7 total
» buildings
| Graveyard | 1 | |
| Crypt | 2 | |
| Altar of Darkness | 1 | |
| Ziggurat | 12 | |
| Tomb of Relics | 1 | |
| Nerubian Tower | 2 | |
| Halls of the Dead | 2 | |
| Necropolis | 2 | |
| Black Citadel | 2 | |
| Spirit Tower | 2 | |
| Sacrificial Pit | 1 | |
| Boneyard | 3 | |
31 total
» build order
00:18 Graveyard
00:22 Crypt
00:43 Altar of Darkness
00:57 Ziggurat
01:34 Tomb of Relics
02:01 Ziggurat
03:04 Nerubian Tower
04:17 Ziggurat
05:46 Halls of the Dead
06:15 Crypt
06:51 Ziggurat
06:52 Nerubian Tower
06:54 Ziggurat
06:56 Necropolis
08:09 Black Citadel
08:25 Spirit Tower
09:45 Sacrificial Pit
10:49 Boneyard
11:10 Boneyard
11:28 Boneyard
13:07 Ziggurat
13:24 Ziggurat
13:37 Spirit Tower
14:20 Ziggurat
15:48 Ziggurat
22:55 Halls of the Dead
24:48 Ziggurat
27:54 Black Citadel
32:06 Necropolis
37:00 Ziggurat
40:25 Ziggurat
» items
| Rod of Necromancy | 8 | |
| Dust of Appearance | 2 | |
| Sacrificial Skull | 1 | |
| Potion of Mana | 2 | |
| Orb of Corruption | 1 | |
| Potion of Healing | 1 | |
| Scroll of Town Portal | 8 | |
| Scroll of Healing | 1 | |
| Lesser Clarity Potion | 1 | |
| Scroll of Speed | 2 | |
27 total
RoCcoNaCHOviDaL (
purple | 105 APM | 4282 actions | 40:37)
6 Death Knight
2 Death Coil
3 Unholy Aura
1 Animate Dead
5 Lich
3 Frost Nova
1 Dark Ritual
1 Frost Armor
4 Dreadlord
2 Sleep
2 Vampiric Aura
» actions
| Assign group hotkey | 51 | |
| Basic commands | 715 | |
| Build / train | 108 | |
| ESC pressed | 2 | |
| Enter build submenu | 29 | |
| Enter hero's abilities submenu | 15 | |
| Give item / drop item | 12 | |
| Right click | 730 | |
| Select / deselect | 984 | |
| Select group hotkey | 1474 | |
| Use ability | 162 | |
4282 total
» units
| Acolyte | 21 | |
| Ghoul | 4 | |
| Crypt Fiend | 5 | |
| Obsidian Statue | 2 | |
| Frost Wyrm | 20 | |
52 total
» upgrades
| Creature Carapace | 2 | |
| Web | 1 | |
| Creature Attack | 2 | |
| Destroyer Form | 1 | |
6 total
» buildings
| Graveyard | 1 | |
| Crypt | 1 | |
| Altar of Darkness | 1 | |
| Ziggurat | 8 | |
| Tomb of Relics | 1 | |
| Nerubian Tower | 2 | |
| Necropolis | 3 | |
| Spirit Tower | 3 | |
| Halls of the Dead | 2 | |
| Black Citadel | 2 | |
| Slaughterhouse | 1 | |
| Sacrificial Pit | 1 | |
| Boneyard | 2 | |
28 total
» build order
00:12 Graveyard
00:15 Crypt
00:50 Altar of Darkness
01:05 Ziggurat
01:58 Tomb of Relics
02:12 Ziggurat
02:50 Nerubian Tower
04:32 Ziggurat
05:02 Necropolis
05:39 Spirit Tower
05:40 Spirit Tower
06:18 Halls of the Dead
06:19 Halls of the Dead
06:24 Necropolis
06:40 Ziggurat
07:36 Spirit Tower
08:31 Ziggurat
09:01 Black Citadel
09:06 Slaughterhouse
10:54 Sacrificial Pit
11:11 Nerubian Tower
11:49 Boneyard
12:44 Boneyard
12:47 Ziggurat
14:59 Ziggurat
17:42 Ziggurat
35:05 Necropolis
» items
| Rod of Necromancy | 2 | |
| Sacrificial Skull | 1 | |
| Dust of Appearance | 1 | |
| Scroll of Speed | 2 | |
| Potion of Healing | 2 | |
| Orb of Corruption | 1 | |
| Scroll of Healing | 1 | |
| Scroll of Town Portal | 6 | |
| Lesser Clarity Potion | 1 | |
| Scroll of Protection | 1 | |
| Staff of Teleportation | 1 | |
19 total
Truccos (
pink | 123 APM | 4989 actions | 40:37)
8 Blademaster
3 Wind Walk
3 Critical Strike
1 Bladestorm
1 Mirror Image
» actions
| Assign group hotkey | 72 | |
| Basic commands | 292 | |
| Build / train | 97 | |
| ESC pressed | 3 | |
| Enter build submenu | 23 | |
| Enter hero's abilities submenu | 8 | |
| Give item / drop item | 3 | |
| Right click | 1451 | |
| Select / deselect | 487 | |
| Select group hotkey | 2255 | |
| Use ability | 298 | |
4989 total
» units
| Peon | 13 | |
| Troll Batrider | 25 | |
| Raider | 7 | |
| Troll Witch Doctor | 5 | |
| Shaman | 3 | |
53 total
» upgrades
| Ranged Weapons | 1 | |
| Spiked Barricades | 1 | |
| Witch Doctor Training | 2 | |
| Melee Weapons | 2 | |
| Ensnare | 1 | |
| Shaman Training | 2 | |
| Liquid Fire | 1 | |
| Reinforced Defenses | 1 | |
11 total
» buildings
| Altar of Storms | 1 | |
| Orc Burrow | 5 | |
| Voodoo Lounge | 2 | |
| Stronghold | 6 | |
| War Mill | 1 | |
| Beastiary | 2 | |
| Watch Tower | 5 | |
| Spirit Lodge | 1 | |
| Fortress | 1 | |
| Great Hall | 4 | |
28 total
» build order
00:13 Altar of Storms
00:24 Orc Burrow
01:15 Voodoo Lounge
02:01 Stronghold
02:02 Stronghold
02:02 Stronghold
02:02 Stronghold
02:52 War Mill
02:59 Orc Burrow
04:23 Beastiary
04:24 Beastiary
05:55 Watch Tower
06:19 Watch Tower
06:49 Spirit Lodge
07:51 Orc Burrow
08:07 Fortress
08:30 Watch Tower
09:56 Orc Burrow
14:31 Great Hall
20:11 Watch Tower
28:39 Watch Tower
29:34 Orc Burrow
29:38 Voodoo Lounge
31:01 Great Hall
33:26 Great Hall
38:22 Great Hall
» items
| Healing Salve | 3 | |
| Scroll of Speed | 1 | |
| Lesser Clarity Potion | 7 | |
| Boots of Speed | 1 | |
| Staff of Teleportation | 1 | |
| Orb of Lightning | 1 | |
| Scroll of Town Portal | 2 | |
16 total
Chat log
(00:06 / All) getitup: rofl
(00:07 / Allies) niGhT_blOoDy: rocco on vetrilo
(00:20 / All) Truccos: pro2 vs zT
(00:58 / All) UnholydreadlorD: truccos, can you turn off your hacks for thisg ame?
(01:05 / All) Truccos: lol
(01:28 / All) Truccos: im not hacker
(01:33 / All) UnholydreadlorD: just a liar
(01:39 / All) Truccos: ggl players are liars
(01:39 / All) AQUAFLEX: i hack
(01:53 / All) Truccos: thye say "truccos is hacker"
(02:10 / All) UnholydreadlorD: truccos, you mh so bad
(02:14 / All) AQUAFLEX: u mh
(02:14 / All) Truccos: hahaha
(04:35 / Allies) Truccos: lol
(04:45 / All) Truccos: lol green too much towers
(08:43 / Allies) RoCcoNaCHOviDaL: b
(08:48 / Allies) RoCcoNaCHOviDaL: 7 tower
(08:51 / Allies) RoCcoNaCHOviDaL: cc
(12:32 / Allies) RoCcoNaCHOviDaL: b
(12:46 / Allies) AQUAFLEX: wood
(18:10 / Allies) Truccos: move
(23:01 / Allies) Truccos: k
(23:17 / All) getitup: gg
(23:20 / All) AQUAFLEX: gg
(23:23 / All) Truccos: rmk ?
(23:27 / All) RoCcoNaCHOviDaL: gg zt
(24:12 / Allies) AQUAFLEX: gold?
(26:05 / All) Truccos: lol
(26:11 / All) darkwasp: =/
(26:14 / All) RoCcoNaCHOviDaL: lol
(28:17 / Allies) AQUAFLEX: gold for hero
(28:40 / Allies) niGhT_blOoDy: honey
(33:31 / Allies) RoCcoNaCHOviDaL: b
(33:43 / Allies) RoCcoNaCHOviDaL: fck
(34:45 / All) RoCcoNaCHOviDaL: zzz
(35:33 / All) getitup: RAPE ORANGE
(37:39 / Allies) RoCcoNaCHOviDaL: exe
(38:37 / Allies) Truccos: ?
(40:08 / All) getitup: GG
(40:16 / All) RoCcoNaCHOviDaL: ggggg
(40:18 / All) UnholydreadlorD: i pretty much owned you guys by myself, gg
(40:21 / All) RoCcoNaCHOviDaL: clan pro2
(40:28 / All) Truccos: k
(40:36 / All) Truccos: lol